[Event "EIWCC 2017"]
[Site "Riga"]
[Date "2017.04.13"]
[Round "3"]
[White "Babiy, Olga"]
[Black "Stetsko, Lanita"]
[Result "1-0"]
[ECO "C47"]
[WhiteElo "2359"]
[BlackElo "2226"]
[Annotator "NA"]
[PlyCount "65"]
[EventDate "2017.??.??"]
[EventType "swiss"]
[EventCountry "LAT"]
[SourceTitle "playchess.com"]
[Source "ChessBase"]
[SourceQuality "1"]
[TimeControl "40/5400+30:1800+30"]

1. e4 e5 2. Nf3 Nc6 3. Nc3 Nf6 4. Be2 d5 5. exd5 Nxd5 6. O-O Nxc3 7. bxc3 e4 8. Ne1 Bd6 9. f3 Bf5 10. fxe4 Bxe4 11. Nf3 O-O 12. d4 h6 13. Bd3 f5 14. Bc4+ Kh8 15. Ng5 Qe8 16. Nxe4 Qxe4 17. Qd3 Qh4 $16 18. g3 Qh5 19. Bf4 Rad8 20. Rae1 Bxf4 21. Rxf4 Rd6 22. Be6 Ne7 23. Re5 Qg5 24. h4 Qf6 25. Bxf5 g5 26. hxg5 hxg5 27. Be6 Qh6 28. Rxf8+ Qxf8 29. Qe3 Qf6 30. Bb3 Nf5 31. Qf3 Ng7 32. Qxb7 Rd8 33. Qh1+ 1-0

[Event "EIWCC 2017"]
[Site "Riga"]
[Date "2017.04.13"]
[Round "3"]
[White "Lazarne Vajda, Szidonia"]
[Black "Lickrastina, Agnese"]
[Result "1-0"]
[ECO "C79"]
[WhiteElo "2355"]
[BlackElo "2223"]
[Annotator "NA"]
[PlyCount "117"]
[EventDate "2017.??.??"]
[EventType "swiss"]
[EventCountry "LAT"]
[SourceTitle "playchess.com"]
[Source "ChessBase"]
[SourceQuality "1"]
[TimeControl "40/5400+30:1800+30"]

1. e4 e5 2. Nf3 Nc6 3. Bb5 a6 4. Ba4 Nf6 5. O-O d6 6. c3 Be7 7. d4 b5 8. Bc2 Bg4 9. Be3 exd4 10. cxd4 Nb4 11. Nbd2 Nxc2 12. Qxc2 O-O 13. Rfc1 Rc8 14. d5 $11 Bd7 15. Nd4 Ng4 16. Bf4 Bg5 17. Bxg5 Qxg5 18. N2f3 Qf4 19. Ne2 Qf6 20. h3 Ne5 21. Nxe5 dxe5 22. Qc5 Qg6 23. Ng3 h5 24. Qe7 Qd6 25. Qg5 f6 26. Qxh5 Qb4 27. Rc2 c6 28. Rac1 cxd5 29. exd5 Rxc2 30. Rxc2 Qd4 31. Qf3 Rc8 32. Rxc8+ Bxc8 33. Qb3 Kf8 34. Nf1 Ke7 35. Qc2 Bd7 36. Ne3 e4 37. Qc7 g6 38. Qg3 Be8 39. Qb8 Bd7 40. Qg8 Qxb2 41. Qxg6 Qa1+ 42. Kh2 Qe5+ 43. g3 a5 44. h4 Be8 45. Qh7+ Kd8 46. Qa7 a4 47. a3 Bd7 48. Qc5 Ke8 49. Ng2 b4 50. Qxb4 Qxd5 51. Nf4 Qf5 52. Kg1 Kf7 53. Qb7 Ke8 54. Nd5 Qe5 55. h5 Qg5 56. Qb8+ Kf7 57. Qd6 Qc1+ 58. Kh2 Qc6 59. Qe7+ 1-0

[Event "EIWCC 2017"]
[Site "Riga"]
[Date "2017.04.13"]
[Round "3"]
[White "Mammadzada, Gunay"]
[Black "Movileanu, Daniela"]
[Result "1-0"]
[ECO "B90"]
[WhiteElo "2348"]
[BlackElo "2213"]
[Annotator "NA"]
[PlyCount "144"]
[EventDate "2017.??.??"]
[EventType "swiss"]
[EventCountry "LAT"]
[SourceTitle "playchess.com"]
[Source "ChessBase"]
[SourceQuality "1"]
[TimeControl "40/5400+30:1800+30"]

1. e4 c5 2. Nf3 d6 3. d4 Nf6 4. Nc3 cxd4 5. Nxd4 a6 6. h3 e6 7. g4 d5 8. Nde2 Nc6 9. exd5 Nxd5 10. Nxd5 Qxd5 11. Qxd5 exd5 12. Nf4 Be6 13. Bg2 Rd8 14. O-O Bc5 15. Re1 O-O 16. Be3 d4 17. Bd2 Rd6 18. a3 Rc8 19. Nxe6 Rxe6 20. Rxe6 fxe6 21. Re1 Kf7 22. Be4 g6 23. Kg2 Bd6 24. f4 Ne7 25. Kf3 Rc7 26. Ke2 Bc5 27. Kd3 Rd7 28. h4 b5 29. Rh1 Kg7 30. h5 Ng8 31. hxg6 hxg6 32. Re1 Ne7 33. Bb4 Bb6 34. Rh1 Ng8 35. g5 Bc7 36. Rf1 Rf7 37. Bc5 e5 38. Bd5 Rxf4 39. Rxf4 exf4 40. Bxd4+ Kf8 41. Bc5+ Ne7 42. Bb7 a5 43. Ba6 Kf7 44. Bxb5 Nf5 45. Bc4+ Ke8 46. b4 axb4 47. axb4 Bd8 48. Bb5+ Kf7 49. Bd7 Bxg5 50. Bxf5 gxf5 51. c4 Ke6 52. b5 f3 53. Be3 Bh4 54. c5 Kd5 55. c6 Bd8 56. Kd2 Ba5+ 57. Kd1 f4 58. Bf2 Bc7 59. Ke1 Bd6 60. Kf1 Bc7 61. Kg1 Ba5 62. Kh2 Bc7 63. Kh3 Bd8 64. Kg4 Bc7 65. Kxf3 Bd6 66. Kg4 Bc7 67. Kf5 Bb8 68. Kf6 Kd6 69. Bb6 f3 70. Kf5 Kd5 71. Bf2 Bc7 72. Kg4 Ke6 1-0

[Event "EIWCC 2017"]
[Site "Riga"]
[Date "2017.04.13"]
[Round "3"]
[White "Worek, Joanna"]
[Black "Pavlidou, Ekaterini"]
[Result "0-1"]
[ECO "B33"]
[WhiteElo "2330"]
[BlackElo "2180"]
[Annotator "NA"]
[PlyCount "58"]
[EventDate "2017.??.??"]
[EventType "swiss"]
[EventCountry "LAT"]
[SourceTitle "playchess.com"]
[Source "ChessBase"]
[SourceQuality "1"]
[TimeControl "40/5400+30:1800+30"]

1. e4 c5 2. Nf3 Nc6 3. d4 cxd4 4. Nxd4 Nf6 5. Nc3 e6 6. Ndb5 Bb4 7. a3 Bxc3+ 8. Nxc3 O-O 9. Bg5 d5 10. exd5 exd5 11. Bd3 Re8+ 12. Ne2 h6 13. Bh4 Qa5+ 14. c3 Ne4 15. O-O Qb6 16. b4 Bg4 17. Qc2 Bxe2 18. Bxe2 Rac8 19. Qb2 Nxc3 20. Qxc3 Nd4 21. Qh3 Nxe2+ 22. Kh1 Qe6 23. Qb3 d4 24. Qxe6 Rxe6 25. f3 d3 26. Rad1 Rc3 27. a4 Rd6 28. Bf2 d2 29. Bxa7 Rdd3 0-1

[Event "EIWCC 2017"]
[Site "Riga"]
[Date "2017.04.13"]
[Round "3"]
[White "Malakhova, Elizaveta"]
[Black "Erneste, Inguna"]
[Result "1-0"]
[ECO "D05"]
[WhiteElo "2324"]
[BlackElo "2168"]
[Annotator "NA"]
[PlyCount "77"]
[EventDate "2017.??.??"]
[EventType "swiss"]
[EventCountry "LAT"]
[SourceTitle "playchess.com"]
[Source "ChessBase"]
[SourceQuality "1"]
[TimeControl "40/5400+30:1800+30"]

1. d4 d5 2. e3 Nf6 3. Bd3 c5 4. c3 e6 5. f4 Bd6 6. Nf3 O-O 7. O-O Nbd7 8. Ne5 Re8 9. Nd2 Nf8 10. Rf3 g6 11. Rh3 N6d7 12. Qg4 f5 13. Qg3 Nxe5 14. fxe5 Be7 15. Nf3 Bd7 16. Bd2 Rc8 17. Rf1 a6 18. Bb1 b5 19. Kh1 a5 20. e4 dxe4 21. Ng5 Bxg5 22. Bxg5 Qc7 23. dxc5 Qxc5 24. Bf6 Re7 25. Bxe7 Qxe7 26. a3 b4 27. axb4 axb4 28. Qf4 g5 29. Qd2 g4 30. Rg3 Ng6 31. Ba2 Nxe5 32. Rxf5 bxc3 33. bxc3 Ng6 34. Rxg4 Bc6 35. Rf1 Kg7 36. h3 Rd8 37. Qf2 Ra8 38. Qd4+ Kh6 39. Rf6 1-0

[Event "EIWCC 2017"]
[Site "Riga"]
[Date "2017.04.13"]
[Round "3"]
[White "Cosma, Elena-Luminita"]
[Black "Tsiganova, Monika"]
[Result "1-0"]
[ECO "A49"]
[WhiteElo "2316"]
[BlackElo "2111"]
[Annotator "NA"]
[PlyCount "89"]
[EventDate "2017.??.??"]
[EventType "swiss"]
[EventCountry "LAT"]
[SourceTitle "playchess.com"]
[Source "ChessBase"]
[SourceQuality "1"]
[TimeControl "40/5400+30:1800+30"]

1. d4 Nf6 2. Nf3 g6 3. g3 Bg7 4. Bg2 O-O 5. O-O d6 6. Re1 Nbd7 7. e4 e5 8. Nc3 c6 9. a4 a5 10. b3 exd4 11. Nxd4 Re8 12. Ba3 Nc5 13. Qd2 Qb6 $11 14. Bb2 Bd7 15. Rad1 Rad8 16. h3 Qb4 17. Qc1 d5 18. exd5 Rxe1+ 19. Rxe1 Qxd4 20. Na2 Nxb3 21. cxb3 Qb6 22. dxc6 Bxc6 23. Bxc6 bxc6 24. Qc2 Nh5 25. Bxg7 Nxg7 26. Nc1 Nf5 27. Ne2 Qb4 28. Rd1 Rxd1+ 29. Qxd1 Qe4 30. g4 Ng7 31. Qd8+ Ne8 32. Ng3 Qe1+ 33. Kg2 Kf8 34. Qd4 Qe6 35. Qc5+ Kg8 36. Qxa5 Qxb3 37. Qe5 Ng7 38. Ne4 f5 39. Nf6+ Kf7 40. Nxh7 fxg4 41. Ng5+ Kg8 42. hxg4 Qb4 43. f3 Qd2+ 44. Kh3 Qd8 45. Qxg7+ 1-0

[Event "EIWCC 2017"]
[Site "Riga"]
[Date "2017.04.13"]
[Round "3"]
[White "Gvetadze, Sofio"]
[Black "Melia, Salome"]
[Result "1/2-1/2"]
[ECO "B54"]
[WhiteElo "2292"]
[BlackElo "2400"]
[Annotator "NA"]
[PlyCount "53"]
[EventDate "2017.??.??"]
[EventType "swiss"]
[EventCountry "LAT"]
[SourceTitle "playchess.com"]
[Source "ChessBase"]
[SourceQuality "1"]
[TimeControl "40/5400+30:1800+30"]

1. e4 c5 2. Nf3 d6 3. d4 cxd4 4. Nxd4 Nf6 5. f3 Nc6 6. c4 Qb6 7. Nc2 g6 8. Nc3 Bg7 9. Rb1 Ng4 {[%emt 0:00:45] B55: Sicilian: 2...d6 3 d4 cxd4 4 Nxd4 Nf6 5 f3} (9... O-O 10. Be3 Qa5 11. Be2 Be6 12. b4 Qc7 13. Nb5 Qc8 14. Rc1 a5 15. a3 Nd7 16. O-O Nde5 17. Ncd4 axb4 18. axb4 Nxb4 19. Nxe6 fxe6 {1-0 (42) Yemelin,V (2571)-Korobov,A (2670) St Petersburg 2010}) 10. Qd2 Nge5 11. Nd5 Qd8 12. Be2 $146 (12. b3 O-O 13. Bb2 f5 14. f4 Ng4 15. Bxg7 Kxg7 16. Bd3 e6 17. Nc3 {0-1 (43) Sipos,I (2248)-Szeberenyi,A (2385) Nyiregyhaza 2003}) 12... f5 13. f4 Nf7 14. Bf3 O-O 15. O-O fxe4 16. Bxe4 e6 17. Nde3 Qb6 18. Kh1 a5 19. b3 Nb4 20. a3 Na6 21. b4 axb4 22. axb4 Nc5 23. Bf3 Na4 24. Rb3 Bd7 25. Rd3 Bc6 26. Nd4 Bxf3 27. Qd1 1/2-1/2

[Event "EIWCC 2017"]
[Site "Riga"]
[Date "2017.04.13"]
[Round "3"]
[White "Doluhanova, Evgeniya"]
[Black "Caglar, Sila"]
[Result "1-0"]
[ECO "B48"]
[WhiteElo "2287"]
[BlackElo "2093"]
[Annotator "NA"]
[PlyCount "83"]
[EventDate "2017.??.??"]
[EventType "swiss"]
[EventCountry "LAT"]
[SourceTitle "playchess.com"]
[Source "ChessBase"]
[SourceQuality "1"]
[TimeControl "40/5400+30:1800+30"]

1. e4 c5 2. Nf3 e6 3. d4 cxd4 4. Nxd4 Nc6 5. Nc3 Qc7 6. Be3 Nf6 7. a3 Be7 8. Bd3 a6 9. O-O b5 10. Nb3 O-O 11. f4 d6 12. Qf3 Bb7 13. Qh3 b4 14. Ne2 $11 e5 15. Ng3 bxa3 16. bxa3 exf4 17. Rxf4 Ne5 18. Raf1 Ne8 19. Bd4 Bg5 20. Rg4 Bc8 21. Nf5 Nxg4 22. Qxg4 Bxf5 23. Rxf5 Bh6 24. Rh5 Qc8 25. Qf3 f6 26. h3 a5 27. a4 Qd7 28. e5 dxe5 29. Qxa8 exd4 30. Qxa5 Be3+ 31. Kh1 g6 32. Qd5+ Rf7 33. Qxd7 Rxd7 34. Rc5 Kg7 35. a5 Ra7 36. a6 Nc7 37. Rc6 Kf7 38. Rb6 Bf4 39. Nxd4 Na8 40. Bc4+ Ke7 41. Re6+ Kd7 42. Nb5 1-0

[Event "EIWCC 2017"]
[Site "Riga"]
[Date "2017.04.13"]
[Round "3"]
[White "Fataliyeva, Ulviyya"]
[Black "Atalik, Ekaterina"]
[Result "1/2-1/2"]
[ECO "C45"]
[WhiteElo "2287"]
[BlackElo "2429"]
[Annotator "TA"]
[PlyCount "96"]
[EventDate "2017.??.??"]
[EventType "swiss"]
[EventCountry "LAT"]
[SourceTitle "playchess.com"]
[Source "ChessBase"]
[SourceQuality "1"]
[TimeControl "40/5400+30:1800+30"]

1. e4 e5 2. Nf3 Nc6 3. d4 exd4 4. Nxd4 Bc5 5. Nxc6 bxc6 6. Nc3 Qf6 7. Qd2 Bb4 8. a3 Bxc3 9. bxc3 d6 10. Bd3 Ne7 11. O-O O-O 12. f4 Ng6 13. Qe1 Qe7 14. h4 f5 15. h5 Nh8 16. exf5 Qxe1 17. Rxe1 Bxf5 18. Re7 Bxd3 19. cxd3 Rf7 20. Rxf7 Nxf7 21. Rb1 Nd8 22. f5 c5 23. Bg5 Nc6 24. Rb7 Rc8 25. Bh4 Kf7 26. Kf2 Ke8 27. Ke3 Kd7 28. Rb1 Re8+ 29. Kd2 Ne5 30. Re1 c4 31. dxc4 Nxc4+ 32. Kd3 Ne5+ 33. Kc2 Rf8 34. Rf1 c5 35. Bg5 h6 36. Bh4 c4 37. f6 g5 38. hxg6 Nxg6 39. Bg3 Ke6 40. Rh1 Rxf6 41. Rxh6 Kf5 42. Bf2 a6 43. Kd2 Re6 44. Be3 Re4 45. Rh5+ Ke6 46. Rh6 Kf5 47. Rh5+ Ke6 48. Rh6 Kf5 1/2-1/2

[Event "EIWCC 2017"]
[Site "Riga"]
[Date "2017.04.13"]
[Round "3"]
[White "Travkina, Anastasia"]
[Black "Hapala, Elisabeth"]
[Result "1-0"]
[ECO "B48"]
[WhiteElo "2287"]
[BlackElo "2091"]
[Annotator "NA"]
[PlyCount "97"]
[EventDate "2017.??.??"]
[EventType "swiss"]
[EventCountry "LAT"]
[SourceTitle "playchess.com"]
[Source "ChessBase"]
[SourceQuality "1"]
[TimeControl "40/5400+30:1800+30"]

1. e4 c5 2. Nf3 e6 3. d4 cxd4 4. Nxd4 Nc6 5. Nc3 Qc7 6. Be3 a6 7. Qd2 Nf6 8. f4 Bb4 9. Bd3 d5 10. e5 Ne4 11. Bxe4 dxe4 12. a3 Nxd4 13. axb4 Nf5 14. Nxe4 O-O 15. O-O Rd8 16. Nd6 b5 17. Bc5 Bb7 18. Qf2 Nxd6 19. exd6 Qc6 20. Ra3 Qe4 21. Re3 Qf5 22. Re5 Qf6 23. Rg5 Qh6 24. Rg3 Rd7 25. f5 exf5 26. Qxf5 Qe6 27. Qg5 Qg6 28. Qe5 f6 29. Qe6+ Qf7 30. Rxf6 Qxe6 31. Rxe6 Rf8 32. Re7 Rxe7 33. dxe7 Rc8 34. Rd3 Re8 35. Rd8 Kf7 36. Kf2 Be4 37. c3 h6 38. g3 Bf5 39. Ke3 Bg6 40. Kf4 Ke6 41. Rd6+ Kf7 42. Rxa6 Bd3 43. Rd6 Bc4 44. Rd8 Bb3 45. Ke5 Bc4 46. Kd4 Bb3 47. Bd6 Bd1 48. Kc5 Be2 49. b3 1-0

[Event "EIWCC 2017"]
[Site "Riga"]
[Date "2017.04.13"]
[Round "3"]
[White "Fuchs, Judith"]
[Black "Gundogan, Sinem Cagla"]
[Result "1-0"]
[ECO "D00"]
[WhiteElo "2274"]
[BlackElo "1885"]
[Annotator "NA"]
[PlyCount "95"]
[EventDate "2017.??.??"]
[EventType "swiss"]
[EventCountry "LAT"]
[SourceTitle "playchess.com"]
[Source "ChessBase"]
[SourceQuality "1"]
[TimeControl "40/5400+30:1800+30"]

1. d4 d5 2. Bf4 Nf6 3. e3 c6 4. c4 e6 5. Nc3 Nbd7 6. h3 Be7 7. Nf3 O-O 8. Qc2 h6 9. Bd3 dxc4 10. Bxc4 b5 11. Be2 Bb7 12. O-O a6 13. Rfd1 Qb6 14. a4 Rac8 15. Qb3 b4 16. a5 Qa7 $11 17. Na4 Nd5 18. Bh2 c5 19. Ne5 N7f6 20. dxc5 Bxc5 21. Nxc5 Qxc5 22. Nc4 Rfd8 23. Be5 Qe7 24. Bf3 Nd7 25. Bd6 Nc5 26. Bxe7 Nxb3 27. Bxd8 Nxa1 28. Nd6 Rxd8 29. Nxb7 Rb8 30. e4 Nf4 31. Nc5 Rb5 32. Nxa6 Nb3 33. h4 Nxa5 34. g3 Rb6 35. Rd8+ Kh7 36. Nc5 Nc6 37. Rc8 Ng6 38. Nd7 Ra6 39. h5 Nge7 40. Nf8+ Kg8 41. Re8 g5 42. Ng6+ Kg7 43. Nxe7 Nxe7 44. Rxe7 Ra1+ 45. Kg2 Rb1 46. e5 Rxb2 47. Rb7 b3 48. Bd1 1-0

[Event "EIWCC 2017"]
[Site "Riga"]
[Date "2017.04.13"]
[Round "3"]
[White "Sedina, Elena"]
[Black "Mkrtchian, Lilit"]
[Result "1-0"]
[ECO "B10"]
[WhiteElo "2253"]
[BlackElo "2425"]
[Annotator "TA"]
[PlyCount "131"]
[EventDate "2017.??.??"]
[EventType "swiss"]
[EventCountry "LAT"]
[SourceTitle "playchess.com"]
[Source "ChessBase"]
[SourceQuality "1"]
[TimeControl "40/5400+30:1800+30"]

1. e4 c6 2. c4 d5 3. exd5 cxd5 4. cxd5 Nf6 5. Nc3 Nxd5 6. Nf3 Nc6 7. Bb5 g6 8. Qa4 Qd6 9. O-O Bg7 10. Ne4 Qc7 11. d4 O-O 12. Bd2 Bf5 13. Rfe1 Nb6 14. Qc2 Rac8 15. Bxc6 Qxc6 16. Qxc6 Rxc6 17. Nc5 Nd5 18. Ne5 Rc7 19. Rac1 Rd8 20. h3 f6 21. Ng4 b6 22. Ne6 Bxe6 23. Rxe6 Rxc1+ 24. Bxc1 Rc8 25. Re1 Rc2 26. a3 Kf7 27. b4 f5 28. Ne3 Nxe3 29. Bxe3 Ra2 30. Bg5 h6 31. Be3 Rxa3 32. Rc1 Rb3 33. d5 Rxb4 34. d6 exd6 35. Rc7+ Kg8 36. Rxa7 f4 37. Bd2 Rb1+ 38. Kh2 g5 39. h4 Rb2 40. Rxg7+ Kf8 41. Bc3 Rc2 42. Bd4 Rd2 43. Bc3 Rc2 44. Bf6 Rxf2 45. hxg5 hxg5 46. Kg1 Re2 47. Rxg5 Kf7 48. Bd4 Re4 49. Bxb6 Ke6 50. Rg6+ Ke5 51. Bc7 Rd4 52. Kf2 Rd2+ 53. Kf3 Rd3+ 54. Ke2 Re3+ 55. Kf2 Rc3 56. Bxd6+ Kf5 57. Rg8 Rc2+ 58. Kg1 Rc1+ 59. Kh2 Rf1 60. Rf8+ Kg4 61. Rxf4+ Rxf4 62. Bxf4 Kxf4 63. Kh3 Kg5 64. Kg3 Kf5 65. Kh4 Kg6 66. Kg4 1-0

[Event "EIWCC 2017"]
[Site "Riga"]
[Date "2017.04.13"]
[Round "3"]
[White "Abdulla, Khayala"]
[Black "Gaponenko, Inna"]
[Result "1/2-1/2"]
[ECO "B06"]
[WhiteElo "2241"]
[BlackElo "2416"]
[Annotator "ChessBase"]
[PlyCount "99"]
[EventDate "2017.??.??"]
[EventType "swiss"]
[EventCountry "LAT"]
[SourceTitle "playchess.com"]
[Source "ChessBase"]
[SourceQuality "1"]
[TimeControl "40/5400+30:1800+30"]

1. e4 g6 2. d4 Bg7 3. Nc3 c6 4. Be3 d5 5. Nf3 dxe4 6. Nxe4 Nh6 7. c3 Nf5 8. Bf4 O-O 9. Bd3 Nd7 10. O-O Nb6 11. Ng3 Nd5 12. Nxf5 Nxf4 13. Nxg7 Kxg7 14. Qd2 Nxd3 15. Qxd3 Bg4 16. Ne5 Bf5 17. Qe3 f6 18. Nf3 Re8 19. Rfe1 Qd5 20. b3 Rad8 21. c4 Qa5 22. Qf4 Bc8 23. h3 c5 24. d5 b5 25. Re2 bxc4 26. bxc4 e5 27. dxe6 Bxe6 28. Rae1 Bf7 29. Rxe8 Rxe8 30. Rd1 Rd8 31. Re1 Re8 32. Rd1 Rd8 33. Re1 Rd7 34. h4 h5 35. Qb8 Qc7 36. Qb5 Re7 37. Rd1 Qb6 38. a4 Qxb5 39. cxb5 Bb3 40. Rc1 c4 41. Nd4 Re4 42. Nc6 Bxa4 43. Nxa7 Re7 44. Nc8 Rb7 45. Nd6 Rb6 46. Rxc4 Bxb5 47. Rc7+ Kh8 48. Rc8+ Kg7 49. Rc7+ Kh8 50. Rc8+ 1/2-1/2

[Event "EIWCC 2017"]
[Site "Riga"]
[Date "2017.04.13"]
[Round "3"]
[White "Drljevic, Ljilja"]
[Black "Houska, Jovanka"]
[Result "1/2-1/2"]
[ECO "B10"]
[WhiteElo "2237"]
[BlackElo "2397"]
[Annotator "NA"]
[PlyCount "85"]
[EventDate "2017.??.??"]
[EventType "swiss"]
[EventCountry "LAT"]
[SourceTitle "playchess.com"]
[Source "ChessBase"]
[SourceQuality "1"]
[TimeControl "40/5400+30:1800+30"]

1. e4 c6 2. d3 d5 3. Nd2 e5 4. Ngf3 Qc7 5. g3 Nf6 6. Bg2 Bd6 7. h3 O-O 8. O-O Nbd7 9. Re1 a5 10. a4 Re8 11. b3 b6 12. Bb2 Ba6 13. d4 $11 exd4 14. Nxd4 Bb4 15. Nf5 Rad8 16. exd5 cxd5 17. Rxe8+ Rxe8 18. c4 dxc4 19. Nxc4 Re1+ 20. Qxe1 Bxe1 21. Rxe1 Bxc4 22. bxc4 h5 23. Bc6 Kh7 24. Bb5 Qc5 25. Nxg7 Kxg7 26. Bxd7 Qb4 27. Bxf6+ Kxf6 28. Re3 Qxc4 29. Rf3+ Kg7 30. Rf4 Qd5 31. Bb5 Qd1+ 32. Kg2 f6 33. Kh2 Kf7 34. Kg2 Kg7 35. Kh2 Kf7 36. Kg2 Kg7 37. Rh4 Qd5+ 38. Kg1 Qd1+ 39. Kg2 Qd5+ 40. Kh2 Qf3 41. Rf4 Qd1 42. h4 Qd5 43. Bc4 1/2-1/2

[Event "EIWCC 2017"]
[Site "Riga"]
[Date "2017.04.13"]
[Round "3"]
[White "Toma, Katarzyna"]
[Black "Ozbay, Ece"]
[Result "1-0"]
[ECO "B24"]
[WhiteElo "2229"]
[BlackElo "2035"]
[Annotator "NA"]
[PlyCount "173"]
[EventDate "2017.??.??"]
[EventType "swiss"]
[EventCountry "LAT"]
[SourceTitle "playchess.com"]
[Source "ChessBase"]
[SourceQuality "1"]
[TimeControl "40/5400+30:1800+30"]

1. e4 c5 2. Nc3 Nc6 3. Bb5 Nd4 4. Bc4 g6 5. Nf3 Bg7 6. Nxd4 cxd4 7. Qf3 Nh6 8. Ne2 O-O 9. c3 {[%emt 0:00:15] B23: Closed Sicilian: Lines without g3} (9. h3 e6 10. d3 f5 11. Qg3 fxe4 12. dxe4 d5 13. exd5 exd5 14. Bd3 Nf5 15. Qh2 Qe7 16. Bd2 Nd6 {0-1 (36) Hou,Y (2609)-Shirov,A (2696) Tromsoe 2013}) 9... Qc7 10. Bb3 dxc3 11. dxc3 d6 12. h3 Be6 13. Bxe6 fxe6 14. Qd3 e5 15. Be3 e6 $146 (15... Nf7 16. h4 Rac8 {1-0 (33) Perunovic,M (2589)-Stamenkovic,D (2412) Subotica 2008}) 16. Rd1 Rad8 17. c4 Qa5+ 18. Qd2 Qxd2+ 19. Rxd2 Nf7 20. O-O Rc8 21. b3 a6 22. a4 Rc6 23. Rfd1 b6 24. Nc3 Rd8 25. Na2 a5 26. Nc3 Rd7 27. Nb5 Kf8 28. g4 g5 29. Kg2 h6 30. Rd3 Ke7 31. Bc1 Bf8 32. Kg3 Kf6 33. h4 Kg6 34. hxg5 hxg5 35. Kg2 Bh6 36. Rh1 Rd8 37. Ba3 Rd7 38. Nc3 Nd8 39. Rdh3 Nf7 40. Bc1 Rd8 41. Be3 Rd7 42. Rh5 Rd8 43. R1h3 Rd7 44. Rf3 Re7 45. Ne2 Rb7 46. Ng3 Nd8 47. Rxh6+ Kxh6 48. Rf6+ Kh7 49. Bxg5 Rc8 50. Rf8 Rbb8 51. Nh5 Kg6 52. Rg8+ Kf7 53. Rg7+ Ke8 54. Nf6+ Kf8 55. Bh6 Nf7 56. Nd7+ Ke8 57. Nxb8 Nxh6 58. g5 Rxb8 59. gxh6 Kf8 60. Kg3 Re8 61. Kg4 d5 62. cxd5 exd5 63. exd5 Rd8 64. Rg6 Kf7 65. Kf5 Rxd5 66. h7 e4+ 67. Kxe4 Rh5 68. Rxb6 Kg7 69. Rb5 Rh4+ 70. Ke3 Kxh7 71. Rxa5 Rh3+ 72. f3 Rh1 73. Rb5 Ra1 74. a5 Kg7 75. b4 Kf7 76. Rb6 Ke7 77. a6 Kd7 78. Rb7+ Kc8 79. b5 Ra4 80. f4 Ra5 81. f5 Ra1 82. f6 Re1+ 83. Kd4 Rd1+ 84. Kc5 Rc1+ 85. Kb6 Rf1 86. Rc7+ Kd8 87. Rc6 1-0

[Event "EIWCC 2017"]
[Site "Riga"]
[Date "2017.04.13"]
[Round "3"]
[White "Gevorgyan, Maria"]
[Black "Ziaziulkina, Nastassia"]
[Result "1/2-1/2"]
[ECO "B84"]
[WhiteElo "2227"]
[BlackElo "2387"]
[Annotator "NA"]
[PlyCount "123"]
[EventDate "2017.??.??"]
[EventType "swiss"]
[EventCountry "LAT"]
[SourceTitle "playchess.com"]
[Source "ChessBase"]
[SourceQuality "1"]
[TimeControl "40/5400+30:1800+30"]

1. e4 c5 2. Nf3 d6 3. d4 cxd4 4. Nxd4 Nf6 5. Nc3 a6 6. Be2 e6 7. O-O Be7 8. f4 O-O 9. Kh1 Qc7 10. a4 b6 11. Be3 Bb7 12. Bf3 Nbd7 13. Qe1 Rad8 14. Rd1 Nc5 15. Bc1 Qb8 $16 (15... Rfe8 $15 {stays ahead.}) 16. b4 Ncd7 17. f5 e5 18. Nb3 Qc8 19. g4 d5 20. Nxd5 Nxd5 21. exd5 Qxc2 22. d6 Bh4 23. Qd2 Bxf3+ 24. Rxf3 Qe4 25. Qg2 Be1 26. f6 Nxf6 27. Rxf6 Qxg2+ 28. Kxg2 gxf6 29. Rxe1 Rxd6 30. Nd2 Rc8 31. Ne4 Rc2+ 32. Kh1 Rdc6 33. Be3 Rb2 34. Rd1 Kf8 35. Ng3 Rcc2 36. Nf5 Rxh2+ 37. Kg1 Rbg2+ 38. Kf1 Rh1+ 39. Kxg2 Rxd1 40. Bxb6 Ke8 41. b5 axb5 42. axb5 Kd7 43. Be3 Ke6 44. b6 Rb1 45. Kf3 Rb4 46. Ng3 Kd5 47. Nh5 Ke6 48. Ng7+ Kd7 49. Nf5 Ke6 50. Nh6 Ra4 51. Ke2 Kd5 52. Kd3 Ra3+ 53. Kd2 Ke6 54. Nf5 Ra4 55. Nh6 Ra3 56. Bc5 Ra5 57. Bg1 Ra1 58. Kc2 Kd7 59. Be3 Ra3 60. Bc1 Ra6 61. Be3 Ra3 62. Kd2 1/2-1/2

[Event "EIWCC 2017"]
[Site "Riga"]
[Date "2017.04.13"]
[Round "3"]
[White "Isgandarova, Khayala"]
[Black "Zimina, Olga"]
[Result "0-1"]
[ECO "C77"]
[WhiteElo "2211"]
[BlackElo "2395"]
[Annotator "NA"]
[PlyCount "200"]
[EventDate "2017.??.??"]
[EventType "swiss"]
[EventCountry "LAT"]
[SourceTitle "playchess.com"]
[Source "ChessBase"]
[SourceQuality "1"]
[TimeControl "40/5400+30:1800+30"]

1. e4 e5 2. Nf3 Nc6 3. Bb5 a6 4. Ba4 Nf6 5. d3 b5 6. Bb3 Be7 7. O-O O-O 8. Nc3 d6 9. Nd5 Na5 10. Nxe7+ Qxe7 11. c3 Nxb3 12. axb3 h6 13. b4 c5 14. Qe2 cxb4 15. cxb4 d5 16. exd5 Nxd5 $11 17. Qxe5 Qxe5 18. Nxe5 Re8 19. Nc6 Bd7 20. Nd4 Nxb4 21. Ra3 Rac8 22. Bd2 Nc2 23. Nxc2 Rxc2 24. Bc3 Bf5 25. d4 Bd3 26. Rd1 Bc4 27. b4 Bd5 28. h3 Re6 29. Rda1 h5 30. Be1 Rce2 31. Bc3 Rf6 32. Be1 Rg6 33. Rg3 Rxg3 34. fxg3 Bxg2 35. Bf2 Bxh3 36. Rxa6 Rb2 37. Be1 Rg2+ 38. Kh1 Re2 39. Ra8+ Kh7 40. Ra1 Be6 41. Kg1 Kg6 42. Rd1 Bd5 43. Kf1 Rb2 44. Ra1 Kf5 45. Ra7 Kg4 46. Re7 Be6 47. d5 Bxd5 48. Bc3 Bc4+ 49. Ke1 Rc2 50. Bxg7 Kxg3 51. Bf6 Kf3 52. Re5 Rh2 53. Rf5+ Ke4 54. Re5+ Kd3 55. Rf5 h4 56. Rf2 Rh1+ 57. Rf1 Rh3 58. Rf4 Re3+ 59. Kf2 Re2+ 60. Kg1 Re1+ 61. Kf2 Rb1 62. Be7 Rb2+ 63. Kg1 h3 64. Rf3+ Ke4 65. Rxh3 f5 66. Rh4+ Ke5 67. Bc5 Rd2 68. Rh2 Rd1+ 69. Kf2 f4 70. Rh8 Rd2+ 71. Kg1 Ke4 72. Rh3 Rd1+ 73. Kf2 Rf1+ 74. Kg2 Rb1 75. Rf3 Be2 76. Rf2 f3+ 77. Kg3 Rg1+ 78. Kh2 Rg5 79. Kh3 Rxc5 80. bxc5 Kd5 81. c6 Kxc6 82. Rh2 b4 83. Kg3 Kc5 84. Rh1 b3 85. Kf2 Kd4 86. Rh8 b2 87. Rb8 Kc3 88. Rb7 Bd1 89. Rc7+ Kd2 90. Rd7+ Kc1 91. Rc7+ Kd2 92. Rd7+ Kc2 93. Rc7+ Kb3 94. Ke1 Ka3 95. Ra7+ Ba4 96. Rb7 Bb3 97. Ra7+ Kb4 98. Rb7+ Kc4 99. Rc7+ Kd5 100. Rd7+ Ke5 0-1

[Event "EIWCC 2017"]
[Site "Riga"]
[Date "2017.04.13"]
[Round "3"]
[White "Paramzina, Anastasya"]
[Black "Zvereva, Margarita"]
[Result "1-0"]
[ECO "B17"]
[WhiteElo "2202"]
[BlackElo "1771"]
[Annotator "NA"]
[PlyCount "59"]
[EventDate "2017.??.??"]
[EventType "swiss"]
[EventCountry "LAT"]
[SourceTitle "playchess.com"]
[Source "ChessBase"]
[SourceQuality "1"]
[TimeControl "40/5400+30:1800+30"]

1. e4 c6 2. d4 d5 3. Nc3 dxe4 4. Nxe4 Nd7 5. Bd3 Ngf6 6. Ng5 g6 7. Qe2 Bg7 8. Bd2 O-O 9. O-O-O c5 10. N1f3 e6 11. Bc4 h6 12. Nxe6 fxe6 13. Bxe6+ Kh7 14. h4 Nh5 15. g4 Nf4 16. Bxf4 Rxf4 17. Ng5+ Kh8 18. Nf7+ Rxf7 19. Bxf7 Qb6 20. Bb3 Qf6 21. g5 Qf8 22. Kb1 h5 23. Rd3 cxd4 24. Rf3 Qd8 25. Rf7 Nf8 26. Re1 Bg4 27. Qe7 d3 28. Rxg7 Be6 29. Bxe6 Qxe7 30. Rxe7 1-0

[Event "EIWCC 2017"]
[Site "Riga"]
[Date "2017.04.13"]
[Round "3"]
[White "Petrenko, Svetlana"]
[Black "Ambartsumova, Karina"]
[Result "0-1"]
[ECO "E62"]
[WhiteElo "2136"]
[BlackElo "2282"]
[Annotator "NA"]
[PlyCount "86"]
[EventDate "2017.??.??"]
[EventType "swiss"]
[EventCountry "LAT"]
[SourceTitle "playchess.com"]
[Source "ChessBase"]
[SourceQuality "1"]
[TimeControl "40/5400+30:1800+30"]

1. Nf3 Nf6 2. g3 g6 3. Bg2 Bg7 4. O-O O-O 5. d4 d6 6. c4 Nc6 7. Nc3 e5 8. d5 Nb8 9. e4 a5 10. Ne1 Na6 11. Nd3 Nd7 12. Be3 Ndc5 13. Nxc5 Nxc5 14. a3 f5 15. b4 axb4 16. axb4 Rxa1 17. Qxa1 Na6 18. Rb1 f4 19. Bd2 h5 20. h3 Qf6 21. Nd1 Bh6 22. Qc3 b6 23. gxf4 Bxf4 24. Bxf4 Qxf4 25. Qe3 g5 26. Qxf4 Rxf4 27. f3 g4 28. hxg4 hxg4 29. fxg4 Bxg4 30. Nf2 Be2 31. Bh3 Bxc4 32. Bc8 Rf8 33. Be6+ Kg7 34. Kg2 c6 35. b5 cxb5 36. Bd7 b4 37. Bg4 b3 38. Nh3 Nc5 39. Ng5 Ra8 40. Ne6+ Kf6 41. Nxc5 bxc5 42. Kf2 Ra2+ 43. Ke3 Rh2 0-1